 Dungeon Crawl Stone Soup version 0.22-a0-407-gb098539 (webtiles) character file.

11614 raistware the Thaumaturge (level 11, -4/68 HPs)
             Began as a Mummy Wizard on May 8, 2018.
             Was a High Priest of Sif Muna.
             Incinerated by a smoke demon (13 damage)
             ... with a sticky flame
             ... on level 11 of the Dungeon on May 9, 2018.
             The game lasted 01:04:39 (13319 turns).

raistware the Thaumaturge (Mummy Wizard)           Turns: 13319, Time: 01:04:39

Health: -4/68      AC:  8    Str: 10    XL:     11   Next: 51%
Magic:  33/37      EV: 11    Int: 21    God:    Sif Muna [*****.]
Gold:   506        SH:  0    Dex: 11    Spells: 21/36 levels left

rFire    x . .     SeeInvis .   k - +2 hand axe (elec)
rCold    + . .     Gourm    .   (no shield)
rNeg     + + +     Faith    .   a - +3 leather armour
rPois    ∞         Spirit   .   b - +0 hat
rElec    .         Reflect  .   e - +0 cloak
rCorr    .         Harm     .   l - +0 pair of gloves
MR       +....                  (no boots)
Stlth    +.........             (no amulet)
HPRegen  0.21/turn              j - ring of magical power
MPRegen  0.25/turn              u - ring of stealth

@: liquid flames, glowing
A: no food or potions, fire vulnerability, cold resistance 1, negative energy
resistance 3, torment resistance, unbreathing
a: Divine Energy, Channel Magic, Forget Spell, Renounce Religion


You were on level 11 of the Dungeon.
You worshipped Sif Muna.
Sif Muna was extremely pleased with you.
You were not hungry.

You visited 2 branches of the dungeon, and saw 12 of its levels.

You collected 704 gold pieces.
You spent 198 gold pieces at shops.

Inventory:

Hand Weapons
 c - a +0 short sword of venom
 k - a +2 hand axe of electrocution (weapon)
 y - a +2 whip of electrocution
Missiles
 v - 5 tomahawks of returning (quivered)
Armour
 a - a +3 leather armour (worn)
 b - a +0 hat (worn)
 e - a +0 cloak (worn)
 l - a +0 pair of gloves (worn)
 o - the +2 robe "Woanluf" {Str+5}
   (You found it on level 5 of the Dungeon)

   It affects your strength (+5).
 x - the +2 scale mail of Leapfrog {Int+4 Dex+3}
   (You bought it in a shop on level 9 of the Dungeon)

   It affects your intelligence (+4).
   It affects your dexterity (+3).
Jewellery
 j - a ring of magical power (left hand)
 r - an uncursed ring of wizardry
 s - a +1 ring of protection
 u - a ring of stealth (right hand)
Wands
 n - a wand of acid (2)
 p - a wand of iceblast (9)
 q - a wand of flame (51)
Scrolls
 d - 2 scrolls of remove curse
 f - 11 scrolls of identify
 g - 4 scrolls of magic mapping
 h - a scroll of noise {unknown}
 i - a scroll of blinking
 m - 2 scrolls of teleportation {unknown}
 t - 2 scrolls of fog {unknown}
 w - a scroll of enchant armour {unknown}
 z - a scroll of holy word {unknown}


   Skills:
 - Level 2.0 Armour
 - Level 1.5 Dodging
 - Level 1.5 Stealth
 + Level 13.4 Spellcasting
 + Level 10.9 Conjurations
 - Level 4.0 Hexes
 - Level 0.7 Summonings
 - Level 0.7 Translocations
 - Level 3.0 Fire Magic


You had 21 spell levels left.
You knew the following spells:

 Your Spells              Type           Power        Failure   Level  Hunger
a - Magic Dart            Conj           ####         1%          1    N/A
b - Blink                 Tloc           N/A          7%          2    N/A
c - Call Imp              Summ           ###.....     7%          2    N/A
d - Conjure Flame         Conj/Fire      #####...     1%          3    N/A
e - Mephitic Cloud        Conj/Pois/Air  ####....     4%          3    N/A
f - Confuse               Hex            ####....     3%          3    N/A
g - Apportation           Tloc           ###...       4%          1    N/A

Dungeon Overview and Level Annotations

Branches:
Dungeon (11/15)            Temple (1/1) D:5            Lair (0/6) D:9
    Orc (0/2) D:10

Altars:
Ashenzari
Cheibriados
Dithmenos
Elyvilon
Fedhas
Gozag
Hepliaklqana
Kikubaaqudgha
Makhleb
Nemelex Xobeh
Okawaru
Qazlal
Ru
Sif Muna
Trog
Uskayaw
Vehumet
Wu Jian
Xom
Yredelemnul
Zin
The Shining One

Shops:
D:9 [

Portals:
Trove: D:11 (give 20 scrolls of identify)


Innate Abilities, Weirdness & Mutations

You do not eat or drink.
Your flesh is vulnerable to fire.
You are immune to poison.
Your flesh is cold resistant. (rC+)
You are immune to negative energy. (rN+++)
You are immune to unholy pain and torment.
You can survive without breathing.


Message History

The sticky flame hits you!
You are covered in liquid flames!
You hit the kobold demonologist but do no damage.
Lightning courses through the kobold demonologist!
The kobold demonologist is almost dead.
You barely miss the smoke demon. You barely miss the soul eater.
You are covered in liquid flames!
The soul eater barely misses you.
The kobold demonologist is engulfed in noxious fumes.
The kobold demonologist appears confused.
The kobold demonologist hits you but does no damage.
The smoke demon hits you but does no damage.
The smoke demon completely misses you. x2; The soul eater hits you!!
* * * LOW HITPOINT WARNING * * *
You barely miss the kobold demonologist.
The kobold demonologist is almost dead.
You hit the soul eater but do no damage.
You barely miss the smoke demon.
You are covered in liquid flames!
You die...

.≈≈≈≈≈.## #># _≈≈≈≈≈..#
#########.#
.≈≈≈≈≈..###..........
c≈≈≈≈≈...............
##≈≈≈≈....#..........
#≈≈≈###...#..........
≈≈≈ #..##...(......
##########..##..........
......K@3...##..........
..?..§3.....###.########
#########+### #.....#
#####'#### #...))..
#....... +.......
#....... #.....).


You could see a soul eater, a kobold demonologist (confused) and a smoke demon.

Vanquished Creatures
  A two-headed ogre (D:8)
  2 death yaks
  The ghost of TheNamelessOne the Cudgeler, a novice VSFi of Makhleb (D:6)
  A centaur skeleton (D:11)
  A guardian mummy (D:11)
  3 trolls
  A hippogriff (D:11)
  11 yaks (D:11)
  A human (D:9)
  A wraith (D:10)
  4 hogs (D:9)
  A hungry ghost (D:8)
  A water moccasin (D:9)
  2 porcupines (D:9)
  2 ice beasts
  8 orc warriors
  5 sky beasts
  2 ogres (D:5)
  3 centaurs
  Blork the orc (D:6)
  A big kobold (D:10)
  6 bullfrogs
  A scorpion (D:4)
  9 wights
  5 killer bees (D:5)
  2 howler monkeys (D:10)
  2 centaur zombies
  5 crimson imps
  A quasit (D:10)
  12 hounds
  8 orc priests
  2 bullfrog skeletons
  14 orc wizards
  5 iguanas
  8 worker ants
  Terence (D:2)
  A hound zombie (D:6)
  4 worker ant zombies
  A howler monkey skeleton (D:11)
  3 river rats (D:9)
  12 adders
  5 shadow imps
  4 oozes
  An adder zombie (D:6)
  A worm (D:2)
  4 dart slugs
  4 leopard geckos
  40 orcs
  7 giant cockroaches
  8 goblins
  6 hobgoblins
  11 jackals
  4 quokkas
  9 bats
  3 frilled lizards
  A jackal skeleton (D:4)
  12 kobolds
  A leopard gecko skeleton (D:7)
  A quokka skeleton (D:4)
  6 rats
283 creatures vanquished.

Vanquished Creatures (collateral kills)
  A death yak (D:8)
  A crimson imp (D:5)
2 creatures vanquished.

Grand Total: 285 creatures vanquished

Notes
Turn   | Place    | Note
-------+----------+-------------------------------------------
     0 | D:1      | raistware the Mummy Wizard began the quest for the Orb.
     0 | D:1      | Reached XP level 1. HP: 13/13 MP: 5/5
     5 | D:1      | Reached skill level 1 in Conjurations
   333 | D:1      | Reached XP level 2. HP: 13/19 MP: 0/7
   337 | D:1      | Learned a level 2 spell: Blink
   340 | D:1      | Learned a level 2 spell: Call Imp
   786 | D:2      | Reached XP level 3. HP: 24/24 MP: 1/8
  1159 | D:2      | Noticed Terence
  1219 | D:1      | Learned a level 3 spell: Conjure Flame
  1387 | D:2      | Found an iron altar of Okawaru.
  1711 | D:2      | Reached XP level 4. HP: 26/30 MP: 10/10
  1748 | D:2      | Learned a level 3 spell: Mephitic Cloud
  1893 | D:2      | Killed Terence
  2343 | D:3      | Reached XP level 5. HP: 17/35 MP: 12/12
  3215 | D:4      | Reached XP level 6. HP: 35/41 MP: 13/13
  3516 | D:4      | Reached skill level 5 in Conjurations
  3851 | D:4      | Found a burning altar of Makhleb.
  4191 | D:5      | Entered Level 5 of the Dungeon
  4218 | D:5      | Reached XP level 7. HP: 41/46 MP: 13/14
  4254 | D:5      | Reached skill level 5 in Spellcasting
  4468 | D:5      | Learned a level 3 spell: Confuse
  4495 | D:5      | Reached skill level 1 in Hexes
  4509 | D:5      | Reached skill level 6 in Spellcasting
  4645 | D:5      | Reached XP level 8. HP: 52/52 MP: 17/17
  4868 | D:5      | Found a staircase to the Ecumenical Temple.
  4878 | Temple   | Entered the Ecumenical Temple
  4963 | Temple   | Became a worshipper of Sif Muna the Loreminder
  5306 | D:5      | Got an ancient robe
  5317 | D:5      | Identified the +2 robe "Woanluf" {Str+5} (You found it on level 5 of the Dungeon)
  5508 | D:6      | Noticed TheNamelessOne's ghost (novice VSFi)
  5531 | D:6      | Killed TheNamelessOne's ghost
  5531 | D:6      | Reached skill level 7 in Spellcasting
  5625 | D:6      | Noticed Blork the orc
  5697 | D:6      | Killed Blork the orc
  5866 | D:6      | Reached * piety under Sif Muna
  5925 | D:6      | Upgraded the game from 0.22-a0-406-g9ff8d77 to 0.22-a0-407-gb098539
  5930 | D:6      | Reached skill level 8 in Spellcasting
  5968 | D:6      | Reached XP level 9. HP: 56/57 MP: 14/21
  7518 | D:8      | You fall through a shaft for 2 floors!
  7518 | D:10     | Entered Level 10 of the Dungeon
  7736 | D:10     | Reached skill level 9 in Spellcasting
  7899 | D:8      | Reached skill level 1 in Fire Magic
  8167 | D:8      | Reached ** piety under Sif Muna
  8449 | D:8      | Noticed a two-headed ogre
  8475 | D:8      | Killed a two-headed ogre
  8475 | D:8      | Reached skill level 10 in Spellcasting
  8598 | D:8      | Reached XP level 10. HP: 62/63 MP: 11/24
  9380 | D:9      | Noticed a death yak
  9384 | D:9      | Noticed a death yak
  9385 | D:9      | Noticed a death yak
  9417 | D:8      | HP: 2/63 [death yak (24)]
  9419 | D:8      | Killed a death yak
  9419 | D:8      | Reached *** piety under Sif Muna
  9806 | D:9      | Found an ornate altar of the Wu Jian Council.
  9814 | D:9      | Reached skill level 11 in Spellcasting
  9834 | D:9      | Killed a death yak
  9880 | D:9      | Found a staircase to the Lair.
 10145 | D:8      | Killed a death yak
 10145 | D:8      | Reached **** piety under Sif Muna
 10204 | D:8      | Reached skill level 10 in Conjurations
 10433 | D:9      | Reached skill level 12 in Spellcasting
 10925 | D:9      | Reached XP level 11. HP: 48/68 MP: 26/27
 11082 | D:9      | Found Goynogoh's Antique Armour Boutique.
 11092 | D:9      | Bought a heavily runed scale mail for 198 gold pieces
 11092 | D:9      | Identified the +2 scale mail of Leapfrog {Int+4 Dex+3} (You bought it in a shop on level 9 of the Dungeon)
 11838 | D:10     | Reached skill level 1 in Armour
 12421 | D:10     | Found a staircase to the Orcish Mines.
 12697 | D:11     | Reached skill level 13 in Spellcasting
 12842 | D:11     | Reached ***** piety under Sif Muna
 12842 | D:11     | Identified Sif Muna's Handbook of Evil Orientation (Sif Muna gifted it to you on level 11 of the Dungeon)
 12842 | D:11     | Received a gift from Sif Muna
 12888 | D:11     | Found a portal to a secret trove of treasure.
 13154 | D:11     | Learned a level 1 spell: Apportation
 13302 | D:11     | Found a blossoming altar of Fedhas.
 13314 | D:11     | Noticed a soul eater
 13319 | D:11     | Incinerated by a smoke demon

Vault maps used:
D:1:      dpeg_arrival_brainrot
D:2:      okawaru_altar_gauntlet_db, uniq_terence
D:3:      first_ration
D:4:      makhleb_blood_cavern_becter
D:5:      minmay_temple_entry_junction
D:6:      uniq_blork_the_orc
D:9:      dpeg_lair_monsters, basic_altar, serial_shops,
          nicolae_shop_temple_entry_statues_fountains, grunt_livestock,
          corexii_leaking_fountain, billiards_dpeg
D:10:     david_orc_4
D:11:     nicolae_trove_entry_path_of_doom, lemuel_centaur_altar
Temple:   dpeg_three_leaves_temple

Skill      XL: |  1  2  3  4  5  6  7  8  9 10 11 |
---------------+----------------------------------+-----
Conjurations   | 1 2 3 4 5 6 7 9 10 | 10.9
Spellcasting   | 6 8 10 12 13 | 13.4
Hexes          | 2 4 |  4.0
Fire Magic     | 2 3 |  3.0
Armour         | 2 |  2.0
Dodging        | |  1.5
Stealth        | |  1.5
Summonings     | |  0.7
Translocations | |  0.7

Action                   |  1- 3 |  4- 6 |  7- 9 | 10-12 || total
-------------------------+-------+-------+-------+-------++-------
Melee: Short sword       |    54 |       |       |       ||    54
       Hand axe          |       |    61 |    67 |    97 ||   225
 Cast: Magic Dart        |    70 |   122 |   358 |   275 ||   825
       Conjure Flame     |     2 |     1 |    25 |    59 ||    87
       Call Imp          |     2 |       |     4 |     2 ||     8
       Mephitic Cloud    |       |     5 |    15 |    31 ||    51
       Confuse           |       |       |     4 |    10 ||    14
       Blink             |       |       |     1 |     8 ||     9
Evoke: Wand              |       |       |     2 |    10 ||    12
  Use: Scroll            |     2 |       |     1 |     6 ||     9
 Stab: Sleeping          |     1 |     3 |       |     1 ||     5
       Confused          |       |     1 |     2 |     3 ||     6
Armor: Robe              |    11 |    32 |    15 |       ||    58
       Leather armour    |       |       |    28 |    53 ||    81
Dodge: Dodged            |    55 |    64 |    70 |    87 ||   276

Table legend:
 A = Spawn XP
 B = Non-spawn XP
 C = Spawn XP percentage of total XP
 D = Spawn monster count
 E = Non-spawn monster count
 F = Spawn count percentage of total count
 G = Total turns spent on level
                    A         B        C        D         E        F      G
               +---------+---------+-------+---------+---------+-------+---------
         Total |       0 |   16592 |   0.0 |       0 |     285 |   0.0 | 13319
               +---------+---------+-------+---------+---------+-------+---------
           D:1 |       0 |      29 |   0.0 |       0 |      13 |   0.0 |   736
           D:2 |       0 |     112 |   0.0 |       0 |      24 |   0.0 |  1577
           D:3 |       0 |     220 |   0.0 |       0 |      29 |   0.0 |   869
           D:4 |       0 |     331 |   0.0 |       0 |      19 |   0.0 |  1009
           D:5 |       0 |    1131 |   0.0 |       0 |      33 |   0.0 |  1077
           D:6 |       0 |    1011 |   0.0 |       0 |      17 |   0.0 |  1298
           D:7 |       0 |     397 |   0.0 |       0 |       9 |   0.0 |   770
           D:8 |       0 |    4084 |   0.0 |       0 |      35 |   0.0 |  2439
           D:9 |       0 |    3898 |   0.0 |       0 |      36 |   0.0 |  1232
          D:10 |       0 |    1891 |   0.0 |       0 |      42 |   0.0 |  1471
          D:11 |       0 |    3488 |   0.0 |       0 |      28 |   0.0 |   742
               +---------+---------+-------+---------+---------+-------+---------
